 Dungeon Crawl Stone Soup version 0.22.0 (webtiles) character file.

1108 inmateoo the Firebug (level 8, -2/72 HPs)
             Began as a Naga Fire Elementalist on Aug 11, 2018.
             Was a Follower of Vehumet.
             Slain by an orc warrior
             ... wielding a +0 hand axe
              (8 damage)
             ... on level 7 of the Dungeon.
             The game lasted 00:14:43 (6935 turns).

inmateoo the Firebug (Naga Fire Elementalist)       Turns: 6935, Time: 00:14:44

Health: -2/72      AC:  5    Str: 12    XL:     8   Next: 33%
Magic:  0/14       EV: 10    Int: 17    God:    Vehumet [*.....]
Gold:   289        SH:  0    Dex: 11    Spells: 5/15 levels left

rFire    + . .     SeeInvis +   n - +0 trident
rCold    + . .     Gourm    .   (no shield)
rNeg     . . .     Faith    .   a - +0 robe
rPois    +         Spirit   +   q - +1 helmet
rElec    .         Reflect  .   g - scarf {rC+ rF+}
rCorr    .         Harm     .   (no gloves)
MR       +....                  (no barding)
Stlth    +++.......             l - amulet of guardian spirit
HPRegen  0.22/turn              (no ring)
MPRegen  0.14/turn              f - +1 ring of slaying

@: very slightly contaminated, invisible, very slow
A: large, see invisible, deformed body, poison resistance, slowness 2, slow
metabolism 1, spit poison 1, AC +2
a: Spit Poison, Renounce Religion


You were on level 7 of the Dungeon.
You worshipped Vehumet.
Vehumet was aware of your devotion.
You were hungry.

You visited 2 branches of the dungeon, and saw 8 of its levels.

You collected 289 gold pieces.

Inventory:

Hand Weapons
 b - a +0 whip
 n - a +0 trident (weapon)
Missiles
 m - 6 javelins (quivered)
Armour
 a - a +0 robe (worn)
 g - a scarf of resistance (worn)
 q - a +1 helmet (worn)
Jewellery
 f - a +1 ring of slaying (right hand)
 h - a +4 amulet of reflection {unknown}
 l - an amulet of guardian spirit (around neck)
Wands
 i - a wand of acid (2)
 r - a wand of polymorph (18)
Scrolls
 o - 3 scrolls of remove curse
 t - a scroll of teleportation
Potions
 e - a potion of agility {unknown}
 j - a potion of curing
 k - 3 potions of might
 p - 2 potions of degeneration {unknown}
Comestibles
 c - 10 rations


   Skills:
 - Level 4.0 Fighting
 + Level 2.0 Polearms
 - Level 2.0 Dodging
 - Level 5.0 Stealth
 - Level 4.0 Spellcasting
 + Level 2.2 Conjurations
 * Level 6.9 Fire Magic


You had 5 spell levels left.
You knew the following spells:

 Your Spells              Type           Power        Failure   Level  Hunger
a - Flame Tongue          Conj/Fire      ###..        2%          1    None
b - Throw Flame           Conj/Fire      ###...       3%          2    ##.....
c - Conjure Flame         Conj/Fire      ###.....     7%          3    ###....
d - Sticky Flame          Conj/Fire      ###.....     24%         4    ####...

Your spell library contained the following spells:

 Spells                   Type           Power        Failure   Level  Hunger
 Fireball                 Conj/Fire      ###.......   54%         5    ######.
 Inner Flame              Hex/Fire       ###.....     12%         3    ###....


Dungeon Overview and Level Annotations

Branches:
Dungeon (7/15)             Temple (1/1) D:4

Altars:
Dithmenos
Fedhas
Gozag
Hepliaklqana
Kikubaaqudgha
Makhleb
Qazlal
Ru
Sif Muna
Trog
Uskayaw
Vehumet
Wu Jian
Yredelemnul
Zin

Shops:
D:5 *   D:6 }[}*[


Innate Abilities, Weirdness & Mutations

You cannot wear boots.
Your serpentine skin is tough. (AC +2)
You have supernaturally acute eyesight. (SInv)
Armour fits poorly on your strangely shaped body.
Your system is resistant to poisons. (rPois)
You cover ground very slowly.
You have a slow metabolism.
You can spit poison.


Message History

The orc warrior hits you with a hand axe!
* * * LOW HITPOINT WARNING * * *
Unknown command.
Unknown command.
Unknown command.
Unknown command.
You feel better. The orc warrior closely misses you.
Unknown command.
Unknown command.
Unknown command.
Unknown command.
Unknown command.
The orc warrior hits you with a hand axe!
* * * LOW HITPOINT WARNING * * *
Unknown command.
Unknown command.
There is a stone staircase leading up here.
Unknown command.
The orc warrior hits you with a hand axe!
You die...

.# .# ### .#
#.###+#.#
#.##....#####
###.##........#
#@o...........#
###.#...))###.
#...#'#.....#
#.#.#<# ....#
#....)# ##.#
#####.# # #.#
... #.#.


You could see an orc warrior.

Vanquished Creatures
  A phantom (D:5)
  3 scorpions
  2 howler monkeys
  A bullfrog zombie (D:6)
  A crimson imp (D:5)
  2 hounds
  5 orc priests
  5 orc wizards
  2 worker ants
  A hound skeleton (D:5)
  A howler monkey skeleton (D:6)
  Robin (D:4)
  8 gnolls
  8 adders
  2 shadow imps (D:5)
  An ooze (D:4)
  An adder zombie (D:6)
  2 adder skeletons
  A worm (D:4)
  2 dart slugs
  4 leopard geckos
  22 orcs
  4 bats (D:3)
  6 giant cockroaches
  15 goblins
  8 hobgoblins
  3 jackals (D:2)
  A quokka (D:6)
  A ball python (D:5)
  2 frilled lizards (D:3)
  A jackal skeleton (D:4)
  8 kobolds
  9 rats
134 creatures vanquished.

Notes
Turn   | Place    | Note
-------+----------+-------------------------------------------
     0 | D:1      | inmateoo the Naga Fire Elementalist began the quest for the Orb.
     0 | D:1      | Reached XP level 1. HP: 15/15 MP: 3/3
     2 | D:1      | Noticed a spriggan
     4 | D:1      | Noticed a merfolk
     4 | D:1      | Noticed a halfling
     7 | D:1      | Noticed a vampire
     9 | D:1      | Noticed a troll
     9 | D:1      | Noticed a demonspawn
    11 | D:1      | Noticed a felid
    11 | D:1      | Noticed a minotaur
    13 | D:1      | Noticed a centaur
    13 | D:1      | Noticed a gargoyle
    15 | D:1      | Noticed a vine stalker
    17 | D:1      | Noticed a ghoul
    19 | D:1      | Noticed a tengu
    19 | D:1      | Noticed an ogre
    21 | D:1      | Noticed a draconian
    21 | D:1      | Noticed a demigod
    23 | D:1      | Noticed an octopode
    23 | D:1      | Noticed a formicid
    25 | D:1      | Noticed a human
    25 | D:1      | Noticed a dwarf
    27 | D:1      | Noticed a naga
    27 | D:1      | Noticed an elf
   187 | D:1      | Reached XP level 2. HP: 2/22 MP: 0/5
   916 | D:1      | Learned a level 2 spell: Throw Flame
   975 | D:1      | Reached skill level 4 in Fire Magic
  1228 | D:2      | Reached XP level 3. HP: 11/28 MP: 0/6
  1449 | D:2      | Found a burning altar of Makhleb.
  1449 | D:2      | Noticed a green death
  1452 | D:2      | Noticed a ynoxinul
  1452 | D:2      | Noticed a neqoxec
  1905 | D:2      | Learned a level 3 spell: Conjure Flame
  2116 | D:2      | Reached XP level 4. HP: 27/36 MP: 0/7
  2133 | D:2      | Reached skill level 5 in Fire Magic
  2863 | D:2      | Reached XP level 5. HP: 29/42 MP: 6/8
  3285 | D:3      | Reached skill level 6 in Fire Magic
  3947 | D:4      | Noticed Robin
  3999 | D:4      | Reached XP level 6. HP: 31/49 MP: 4/10
  4025 | D:4      | Killed Robin
  4213 | D:4      | Found a staircase to the Ecumenical Temple.
  4273 | Temple   | Entered the Ecumenical Temple
  4300 | Temple   | Became a worshipper of Vehumet
  4395 | D:4      | Learned a level 4 spell: Sticky Flame
  4941 | D:5      | Entered Level 5 of the Dungeon
  4955 | D:5      | Reached skill level 1 in Fighting
  5058 | D:5      | Reached XP level 7. HP: 41/60 MP: 3/13
  5193 | D:5      | Found Duseone's Desiderata Depot.
  5779 | D:6      | Found Casil's Armour Shoppe.
  5792 | D:6      | Reached * piety under Vehumet
  5792 | D:6      | Offered knowledge of Freeze by Vehumet.
  5800 | D:6      | Reached skill level 1 in Polearms
  5807 | D:6      | Found Sass's Gadget Shoppe.
  5816 | D:6      | HP: 2/64 [howler monkey (3)]
  5821 | D:6      | Reached XP level 8. HP: 18/72 MP: 1/14
  6225 | D:6      | Found Wusurch's Antique Armour Shoppe.
  6257 | D:6      | Reached skill level 5 in Stealth
  6307 | D:6      | Found a hide-covered altar of Uskayaw.
  6311 | D:6      | Found a hazy altar of Hepliaklqana.
  6315 | D:6      | Found a basalt altar of Yredelemnul.
  6582 | D:6      | Found Acsaareu's Gadget Boutique.
  6735 | D:6      | Found Oroliock's General Store.
  6935 | D:7      | Slain by an orc warrior

Skill      XL: |  1  2  3  4  5  6  7  8 |
---------------+-------------------------+-----
Fire Magic     | 4 5 6 |  6.9
Spellcasting   | 3 4 |  4.0
Fighting       | 2 4 |  4.0
Polearms       | 1 2 |  2.0
Stealth        | 4 5 |  5.0
Dodging        | 2 |  2.0
Conjurations   | 2 |  2.2

Action                   |  1- 3 |  4- 6 |  7- 9 || total
-------------------------+-------+-------+-------++-------
Melee: Whip              |     5 |       |       ||     5
       Spear             |    50 |    12 |       ||    62
       Trident           |       |    81 |   119 ||   200
Throw: Javelin           |       |     2 |       ||     2
 Cast: Flame Tongue      |    30 |    87 |    55 ||   172
       Conjure Flame     |     1 |     1 |     1 ||     3
       Sticky Flame      |       |     3 |     2 ||     5
       Throw Flame       |       |     2 |     9 ||    11
 Abil: Spit Poison       |    11 |    20 |     6 ||    37
Evoke: Wand              |       |       |     6 ||     6
  Use: Potion            |     1 |     1 |     6 ||     8
       Scroll            |       |     5 |     2 ||     7
 Stab: Sleeping          |     1 |     2 |     1 ||     4
  Eat: Chunk             |     3 |    10 |     7 ||    20
Armor: Robe              |    16 |    32 |    69 ||   117
Dodge: Dodged            |    75 |    91 |    96 ||   262
